 Dungeon Crawl Stone Soup version 0.31-a0-1447-g87ca8d402b (webtiles) character file.

Game seed: 4888538388054460070

3831 Dirian the Grappler (level 9, -4/80 HPs)
             Began as a Troll Shapeshifter on Dec 27, 2023.
             Was an Elder of Okawaru.
             Slain by an orc warrior
             ... wielding a +0 war axe
              (7 damage)
             ... in a bailey.
             The game lasted 00:11:15 (5268 turns).

Dirian the Grappler (Troll Shapeshifter)            Turns: 5268, Time: 00:11:16

Health: -4/80      AC:  5    Str: 30    XL:     9   Next: 97%
Magic:  0/10       EV: 12    Int:  8    God:    Okawaru [****..]
Gold:   217        SH:  0    Dex: 17    Spells: 8/8 levels left

rFire   . .          .
                       - Unarmed
rCold   . . .        (no shield)
rNeg    . . .        a - +1 animal skin
rPois   .            (helmet currently unavailable)
rElec   .            s - melded +2 cloak
rCorr   .            (gloves unavailable)
SInv    .            (boots unavailable)
Will    .....        u - amulet of guardian spirit
Stlth   ++           g - +6 ring of dexterity
HPRegen 1.13/turn    (no ring)
MPRegen 0.12/turn

%: guardian spirit
@: beast-form
A: beast (slay +3), large, unfitting armour, claws 3, regeneration 1, shaggy fur
1, tough skin 1, agile 1, clever 1, strong 1
a: Begin Untransformation, Renounce Religion, Heroism, Finesse


You were in a bailey.
You worshipped Okawaru.
Okawaru was greatly pleased with you.
You were a hulking beast.
You visited 1 branch of the dungeon, and saw 7 of its levels.
You also visited: Bailey.

You collected 217 gold pieces.

Inventory:

Missiles
 j - 26 boomerangs
 q - 6 javelins
Armour
 a - a +1 animal skin (worn)
 s - a +2 cloak (melded)
Jewellery
 g - a +6 ring of dexterity (left claw)
 u - an amulet of guardian spirit (around neck)
 v - an amulet of faith
Talismans
 c - a beast talisman (active)
 h - a flux talisman
Wands
 p - a wand of charming (8)
Scrolls
 i - a scroll of immolation
 r - 2 scrolls of identify
 t - 3 scrolls of teleportation
 w - a scroll of silence
Potions
 b - 3 potions of lignification
 d - 2 potions of might
 e - a potion of cancellation
 f - 2 potions of enlightenment
 k - a potion of heal wounds {unknown}
 l - a potion of ambrosia {unknown}
 m - a potion of mutation
 n - 3 potions of attraction
 o - a potion of invisibility {unknown}
 x - a potion of magic {unknown}


   Skills:
 + Level 2.7 Fighting
 * Level 5.0 Dodging
 + Level 11.2 Unarmed Combat
 * Level 3.2 Invocations
 + Level 5.8 Shapeshifting


You had 8 spell levels left.
You didn't know any spells.
Your spell library contained the following spells:

 Spells                   Type           Power      Damage    Failure   Level
 Apportation              Tloc           0%         N/A       41%         1
 Jinxbite                 Hex            0%         N/A       54%         2
 Alistair's Intoxication  Alch           0%         N/A       100%        5


Dungeon Overview and Level Annotations

Branches:
Dungeon (7/15) Zot: 26778  Temple (0/1) D:5          Bailey (1/1) Zot: 5850

Altars:
Ashenzari
Okawaru
Uskayaw
Yredelemnul

Shops:
D:7 ?


Innate Abilities, Weirdness & Mutations

You are a hulking beast.
Your limbs bulge with bestial killing power. (Slay +3)
You are too large for most types of armour.
You have claws for hands.
Your natural rate of healing is unusually fast.
You are covered in fur. (AC +1)
You have tough skin. (AC +1)
You are agile. (Dex +4, Str/Int -1)
Your mind is acute. (Int +4, Str/Dex -1)
Your muscles are strong. (Str +4, Int/Dex -1)


Message History

The orc warrior misses you.
Items here: ))) [[[ †.
Okay, then.
You claw the orc warrior!
The orc warrior is moderately wounded.
You eviscerate the orc warrior!!!
You kill the orc warrior!
Okawaru accepts your kill.
You can now speed up your combat.
The orc warrior closely misses you.
You scratch the orc warrior.
The orc warrior is moderately wounded.
The orc warrior misses you.
You barely miss the orc warrior.
The orc warrior is moderately wounded.
You mangle the orc warrior!!
The orc warrior is almost dead.
You feel like a meek peon again. The orc warrior barely misses you.
You mangle the orc warrior!!
You kill the orc warrior!
Okawaru accepts your kill.
The orc warrior hits you with a +0 war axe!
* * * LOW HITPOINT WARNING * * *
You closely miss the orc warrior.
The orc warrior hits you with a +0 war axe!
* * * LOW HITPOINT WARNING * * *
The hobgoblin barely misses you.
You mangle the orc warrior!!
The orc warrior is almost dead.
The orc warrior hits you with a +0 war axe!
* * * LOW HITPOINT WARNING * * *
You scratch the orc warrior but do no damage.
You claw the orc warrior.
The orc warrior is almost dead.
The hobgoblin hits you with a +0 hand axe!
* * * LOW HITPOINT WARNING * * *
It was a potion of mutation.
You feel extremely strange.
You feel clever.
You feel stronger.
You feel agile.
The orc warrior hits you with a +0 war axe!
You die...

.......##.....##
.......).......#
......##)......##
..... #.........#
88.8
##.........## ##+
#.....⌠.....#
##.........##
#....og...#
##...)h..##
#..)....#
##....)## ####'##
##.....##
#.......#
##.......##
#.........#
##.........##


You could see an orc warrior and a hobgoblin.

Vanquished Creatures
  Grinder (D:6)
  Sigmund (D:3)
  A wyvern (D:6)
  2 water moccasins
  5 orc warriors (Bailey)
  An ice beast (D:6)
  2 black bears
  A sky beast (D:6)
  2 ogres
  3 phantoms
  A bullfrog (D:6)
  2 kobold brigands (D:6)
  3 scorpions
  3 water moccasin zombies (D:6)
  5 wights (D:7)
  2 bombardier beetles
  A centaur zombie (D:6)
  A jelly (D:5)
  A gnoll bouda (D:6)
  4 hounds
  5 orc priests
  2 iguanas
  2 sleepcaps
  4 orc wizards
  2 killer bee zombies (D:6)
  9 gnolls
  15 adders
  A shadow imp (D:6)
  A white imp (D:6)
  3 dart slugs
  34 orcs
  5 endoplasms
  3 giant cockroaches
  24 goblins
  17 hobgoblins
  3 jackals (D:2)
  7 quokkas
  5 ball pythons (D:1)
  4 bats
  4 frilled lizards
  23 kobolds
  5 rats
220 creatures vanquished.

Notes
Turn   | Place    | Note
-------+----------+-------------------------------------------
     0 | D:1      | Dirian the Troll Shapeshifter began the quest for the Orb.
     0 | D:1      | Reached XP level 1. HP: 18/18 MP: 0/0
   176 | D:1      | Reached XP level 2. HP: 25/26 MP: 1/1
   424 | D:1      | Reached XP level 3. HP: 30/32 MP: 2/2
   539 | D:2      | You fall into a shaft and drop 1 floor!
   587 | D:3      | Reached skill level 1 in Fighting
   587 | D:3      | Reached skill level 4 in Unarmed Combat
   587 | D:3      | Reached XP level 4. HP: 16/41 MP: 3/3
   728 | D:3      | Reached XP level 5. HP: 48/48 MP: 4/4
   844 | D:3      | Reached skill level 5 in Unarmed Combat
   870 | D:3      | Found an iron altar of Okawaru.
  1777 | D:3      | Reached XP level 6. HP: 43/55 MP: 5/5
  1777 | D:3      | Identified the +2 war axe "Xeeveet" {protect, Str+4 Stlth+}
  2022 | D:3      | Noticed Sigmund
  2030 | D:3      | Killed Sigmund
  2031 | D:3      | Reached skill level 6 in Unarmed Combat
  2183 | D:3      | Became a worshipper of Warmaster Okawaru
  2287 | D:4      | Reached XP level 7. HP: 35/62 MP: 6/6
  2384 | D:4      | Reached skill level 7 in Unarmed Combat
  2576 | D:4      | Reached * piety under Okawaru
  2844 | D:5      | Entered Level 5 of the Dungeon
  2929 | D:5      | Reached skill level 8 in Unarmed Combat
  2930 | D:5      | Reached XP level 8. HP: 70/71 MP: 5/7
  3058 | D:5      | Found a hide-covered altar of Uskayaw.
  3078 | D:5      | Found a broken altar of Ashenzari.
  3140 | D:5      | Found a staircase to the Ecumenical Temple.
  3552 | D:5      | Reached skill level 5 in Shapeshifting
  3680 | D:5      | Reached skill level 9 in Unarmed Combat
  3768 | D:5      | Reached ** piety under Okawaru
  4115 | D:6      | Noticed Grinder
  4121 | D:6      | Reached skill level 1 in Invocations
  4140 | D:6      | Killed Grinder
  4141 | D:6      | Reached XP level 9. HP: 55/79 MP: 5/9
  4405 | D:6      | Reached skill level 10 in Unarmed Combat
  4469 | D:6      | Reached *** piety under Okawaru
  4632 | D:6      | Found a basalt altar of Yredelemnul.
  4965 | D:7      | Found Faebbibu's Magic Scroll Boutique.
  5068 | D:7      | Found a flagged portal.
  5093 | D:7      | Reached **** piety under Okawaru
  5107 | Bailey   | Entered a bailey
  5198 | Bailey   | Reached skill level 11 in Unarmed Combat
  5222 | Bailey   | Reached skill level 5 in Dodging
  5267 | Bailey   | HP: 1/80 [hobgoblin/+0 hand axe (6)]
  5268 | Bailey   | Gained mutation: Your mind is acute. (Int +4, Str/Dex -1)
                  | [potion of mutation]
  5268 | Bailey   | Gained mutation: Your muscles are strong. (Str +4, Int/Dex
                  | -1) [potion of mutation]
  5268 | Bailey   | Gained mutation: You are agile. (Dex +4, Str/Int -1)
                  | [potion of mutation]
  5268 | Bailey   | Slain by an orc warrior

Illustrated notes

Levels and vault maps discovered:
D:1:      tarquinn_simple_flora_water_f, layout_basic
D:2:      layout_basic, minmay_misc_feat_nine_boxes
D:3:      layout_loops_corners, overflow_temple_1_default, uniq_sigmund
D:4:      black_bear_nest_2, layout_rooms
D:5:      corexii_shantytown, layout_cave_pods, mainiacjoe_overflow_swirl,
          minmay_temple_entry_junction_2, wad_floor_pattern_untrapped
D:6:      layout_loops_ring, nicolae_yredelemnul_corpse_copse, uniq_grinder
D:7:      layout_loops_corners, enter_bailey_7, serial_shops,
          nicolae_shop_tiny_statue_garden
Bailey:   bailey_axe_minmay_hex_keep, bailey

Skill      XL: |  1  2  3  4  5  6  7  8  9 |
---------------+----------------------------+-----
Fighting       | 1 2 |  2.7
Unarmed Combat | 4 5 6 8 9 11 | 11.2
Dodging        | 2 3 4 5 |  5.0
Shapeshifting  | 4 5 |  5.8
Invocations    | 1 3 |  3.2

Action                     |  1- 3 |  4- 6 |  7- 9 || total
---------------------------+-------+-------+-------++-------
  Melee: Unarmed           |    72 |   112 |   332 ||   516
         Punch             |     1 |     2 |    11 ||    14
 Invoke: Heroism           |       |       |     2 ||     2
    Use: Scroll            |       |       |    14 ||    14
         Potion            |       |       |     1 ||     1
   Stab: Sleeping          |     4 |     1 |    12 ||    17
 Armour: Animal skin       |    54 |    59 |   208 ||   321
  Dodge: Dodged            |    32 |    47 |   145 ||   224
   Form: Beast             |     1 |       |     1 ||     2
                           |       |       |     1 ||     1

Table legend: (Time is in decaauts)
 A = Elapsed time spent in this place.
 B = Non-inter-level travel time spent in this place.
 C = Inter-level travel time spent in this place.
 D = Time resting spent in this place.
 E = Time spent auto-exploring this place.
 F = Levels seen in this place.
 G = Mean time per level.
                   A        B        C        D        E       F      G
               +--------+--------+--------+--------+--------+-----+--------+
         Total |   5190 |   4959 |    231 |     21 |   3657 |   8 |  648.8 |
       Dungeon |   5041 |   4810 |    231 |      0 |   3633 |   7 |  720.1 |
        Bailey |    148 |    148 |      0 |     21 |     24 |   1 |  148.0 |
               +--------+--------+--------+--------+--------+-----+--------+

Top non-repeatable levels by time:
     D:5: 1150 daAuts
     D:3: 1057 daAuts
     D:6: 849 daAuts
     D:2: 648 daAuts
     D:4: 639 daAuts
     D:1: 475 daAuts
     D:7: 221 daAuts
  Bailey: 148 daAuts
